 Dungeon Crawl Stone Soup version 0.18-b1-18-g7758cf2 (webtiles) character file.

182 HaroldButt the Cudgeler (level 5, -1/50 HPs)
             Began as an Ogre Gladiator on May 2, 2016.
             Slain by a scorpion (9 damage)
             ... on level 3 of the Dungeon.
             The game lasted 00:06:27 (2799 turns).

HaroldButt the Cudgeler (Ogre Gladiator)            Turns: 2799, Time: 00:06:28

Health: -1/50      AC:  4    Str: 20    XL:     5   Next: 62%
Magic:  5/5        EV: 10    Int:  7    God:
Gold:   90         SH:  0    Dex: 11    Spells: 0 memorised, 4 levels left

rFire  . . .     SeeInvis .     a - +0 flail
rCold  . . .     Gourm    .     b - +0 robe
rNeg   . . .     Faith    .     (no shield)
rPois  .         Spirit   .     c - +1 hat
rElec  .         Dismiss  .     (no cloak)
rCorr  .         Reflect  .     (gloves unavailable)
SustAt .         Harm     .     (boots unavailable)
MR     .....                    (no amulet)
Stlth  +.........               (no ring)
                                (no ring)

@: lethally poisoned (-1 -> -26), flying, drained, not resistant to hostile
enchantments, very unstealthy
A: unfitting armour, tough skin 1
a: no special abilities


You were on level 3 of the Dungeon.
You were not hungry.

You visited 1 branch of the dungeon, and saw 3 of its levels.

You collected 90 gold pieces.

Inventory:

Hand Weapons
 a - a +0 flail (weapon)
Missiles
 d - 3 throwing nets (quivered)
 j - 20 stones
Armour
 b - a +0 robe (worn)
 c - a +1 hat (worn)
Scrolls
 e - 2 scrolls of remove curse
 m - a scroll of noise {unknown}
 n - a scroll of blinking
Potions
 g - a potion of brilliance {unknown}
 h - a potion of flight
 i - 3 potions of might
 k - a potion of curing {unknown}
Comestibles
 f - 3 bread rations


   Skills:
 - Level 2.6(1.8) Fighting
 + Level 6.5(5.5) Maces & Flails
 - Level 2.0(1.1) Throwing
 + Level 4.2(3.3) Dodging


You had 4 spell levels left.
You didn't know any spells.

Dungeon Overview and Level Annotations

Branches:
Dungeon (3/15)

Altars:
Pakellas
Vehumet

Annotations:
D:2 Terence


Innate Abilities, Weirdness & Mutations

You are too large for most types of armour.
You have tough skin (AC +1).


Message History

The giant newt hisses menacingly.
The scorpion stings you but does no damage.
You hit the scorpion but do no damage.
The scorpion is heavily wounded.
You feel sick. The scorpion stings you!
* * * LOW HITPOINT WARNING * * *
You barely miss the scorpion.
The scorpion is heavily wounded.
* * * LOW HITPOINT WARNING * * *
You feel sick. The scorpion stings you.
* * * LOW HITPOINT WARNING * * *
You are more poisoned.
The scorpion poisons you!
Drink which item? (? for menu, Esc to quit)
It was a potion of flight.
You feel very buoyant.
You fly up into the air.
* * * LOW HITPOINT WARNING * * *
You feel sick. The scorpion stings you!
You die...

..............# #.<.#
#...
#............###....##
#...
#.......$........#..#
#...
#.#....$.........#..#
#... #............###
#..# ####
#?###.g##...######
#..# # .....g....).##
#..# #
.....#..###.l#####
...# # ...# ##.#
#.gs@.(## # g #..
#.####..#####.# #
##..#.............# #
#.######..####### # .#
##.# # .# #.# # . #.#
##### #.# ##.... #.#
##.....


You could see a scorpion, a goblin and a giant newt.

Vanquished Creatures
  A centaur (D:3)
  A worker ant zombie (D:3)
  2 adders (D:3)
  2 oozes (D:3)
  5 worms
  A giant gecko (D:3)
  An orc (D:3)
  3 giant cockroaches
  14 goblins
  4 hobgoblins
  2 jackals (D:1)
  A quokka (D:3)
  2 bats
  A giant newt (D:1)
  6 kobolds
  4 rats
50 creatures vanquished.

Notes
Turn   | Place    | Note
--------------------------------------------------------------
     0 | D:1      | HaroldButt the Ogre Gladiator began the quest for the Orb.
     0 | D:1      | Reached XP level 1. HP: 22/22 MP: 1/1
   481 | D:1      | Reached XP level 2. HP: 23/29 MP: 2/2
  1280 | D:2      | Reached XP level 3. HP: 12/36 MP: 3/3
  1794 | D:2      | Reached skill level 5 in Maces & Flails
  1843 | D:2      | Noticed Terence
  2023 | D:3      | Found a radiant altar of Vehumet.
  2080 | D:3      | Noticed a centaur
  2088 | D:3      | Killed a centaur
  2088 | D:3      | Reached skill level 6 in Maces & Flails
  2088 | D:3      | Reached XP level 4. HP: 9/44 MP: 4/4
  2088 | D:3      | Reached XP level 5. HP: 10/50 MP: 5/5
  2332 | D:3      | Found an oddly glowing altar of Pakellas.
  2799 | D:3      | Slain by a scorpion

Skill      XL: |  1  2  3 |
---------------+----------+-----
Dodging        | 3 4 |  4.2
Maces & Flails | 6 |  6.5
Fighting       | |  2.6
Throwing       | |  2.0

Action                   |  1- 3 |  4- 6 || total
-------------------------+-------+-------++-------
Melee: Flail             |   114 |    73 ||   187
  Use: Scroll            |     4 |     1 ||     5
       Potion            |       |     1 ||     1
  Eat: Chunk             |     4 |     2 ||     6
Armor: Robe              |    23 |    18 ||    41
Dodge: Dodged            |    44 |    30 ||    74
